 Dungeon Crawl Stone Soup version 0.31.0-32-g396128a36d (webtiles) character file.

Game seed: 438401846994674243

216848 ChadusMaximus the Convoker (level 19, -12/143 (144) HPs)
             Began as a Barachi Summoner on Mar 13, 2024.
             Was the Champion of Hepliaklqana.
             Mangled by a ghost moth (17 damage)
             ... on level 3 of the Spider Nest on Mar 14, 2024.
             The game lasted 01:16:36 (34522 turns).

ChadusMaximus the Convoker (Barachi Summoner)      Turns: 34522, Time: 01:16:37

HP:   -12/143 (144) AC: 18    Str:  5 (10) XL:     19   Next: 6%
MP:   1/37          EV: 11    Int: 26 (28) God:    Hepliaklqana [******]
Gold: 3145          SH: 22    Dex: 13 (20) Spells: 20/46 levels left

rFire   . . .        P - +8 scimitar of Valuable Assets {freeze, ^Fragile Dex+5 Stlth+}
rCold   + + .        O - +2 tower shield {rPois}
rNeg    + . .        t - +3 ring mail of Limited Liability {rN+ Regen+}
rPois   +            k - +0 helmet
rElec   .            M - +4 cloak "Buud" {rC+ Regen+ rCorr}
rCorr   +            a - +1 pair of gloves of the Fife {Int+3}
SInv    .            (no boots)
Will    ++...        r - amulet of magic regeneration
Stlth   ++           u - ring of protection from cold
HPRegen 2.03/turn    E - ring of Curiosity {Will+ Int+2 Dex+2}
MPRegen 0.65/turn

%: no passive effects
@: lightly drained, slow
A: reduced essence, amphibious, slowness 1, strong legs 2, +LOS
}: 1/15 runes: decaying
a: Hop, Renounce Religion, Recall Ancestor, Ancestor Identity, Transference,
Idealise


You were on level 3 of the Spider Nest.
You worshipped Hepliaklqana.
Hepliaklqana was exalted by your worship.
You visited 5 branches of the dungeon, and saw 30 of its levels.
You visited the Abyss 1 time.
You also visited: Sewer, Ossuary, Bailey and Gauntlet.

You collected 3623 gold pieces.
You spent 478 gold pieces at shops.

Inventory:

Hand Weapons
 P - the +8 scimitar of Valuable Assets (weapon) {freeze, ^Fragile Dex+5 Stlth+}
   (You found it in a Gauntlet)

   Dex+5:     It affects your dexterity (+5).
   ^Fragile:  It will be destroyed if unequipped.
   Stlth+:    It makes you more stealthy.
Armour
 a - the +1 pair of gloves of the Fife (worn) {Int+3}
   (You found it on level 1 of the Spider Nest)

   Int+3:     It affects your intelligence (+3).
 k - a +0 helmet (worn)
 o - the +10 chain mail "Yceyle" {Harm *Slow Fly rPois}
   (You found it on level 15 of the Dungeon)

   rPois:     It protects you from poison Fly: It grants you flight.
   *Slow:     It may slow you when you take damage.
   Harm:      It increases damage dealt and taken.
 t - the +3 ring mail of Limited Liability (worn) {rN+ Regen+}
   (You found it on level 4 of the Dungeon)

   rN+:       It protects you from negative energy.
   Regen+:    It increases your rate of health regeneration.
 D - a +0 cloak of willpower
 L - the +3 scale mail of Forking Paths {Int+4 Dex+5}
   (You found it in a bailey)

   Int+4:     It affects your intelligence (+4).
   Dex+5:     It affects your dexterity (+5).
 M - the +4 cloak "Buud" (worn) {rC+ Regen+ rCorr}
   (You found it in a bailey)

   rC+:       It protects you from cold.
   Regen+:    It increases your rate of health regeneration.
   rCorr:     It protects you from acid and corrosion.
 O - a +2 tower shield of poison resistance (worn)
Jewellery
 n - a ring of positive energy
 r - an amulet of magic regeneration (around neck)
 u - a ring of protection from cold (left hand)
 y - a ring of protection from cold
 A - a ring of wizardry
 E - the ring of Curiosity (right hand) {Will+ Int+2 Dex+2}
   (You found it on level 1 of the Swamp)

   [ring of willpower]

   Int+2:     It affects your intelligence (+2).
   Dex+2:     It affects your dexterity (+2).
   Will+:     It increases your willpower.
Wands
 j - a wand of flame (59)
 l - a wand of roots (51)
 s - a wand of polymorph (2)
 G - a wand of charming (37)
 Z - a wand of digging (7)
Scrolls
 h - 7 scrolls of revelation
 i - 4 scrolls of teleportation
 m - a scroll of brand weapon {unknown}
 p - 2 scrolls of identify
 w - 4 scrolls of noise
 x - 5 scrolls of blinking
 B - 4 scrolls of fog
 C - 4 scrolls of immolation
 F - 2 scrolls of amnesia
 H - 3 scrolls of poison
 K - a scroll of vulnerability
 Q - 6 scrolls of enchant weapon
 S - a scroll of torment
 T - 4 scrolls of fear
 W - 2 scrolls of enchant armour
 X - a scroll of silence {unknown}
Potions
 b - a potion of magic
 c - a potion of resistance
 e - 11 potions of curing
 f - 4 potions of berserk rage
 g - 11 potions of attraction
 q - 7 potions of might
 v - 8 potions of heal wounds {unknown}
 z - 3 potions of cancellation {unknown}
 I - 5 potions of invisibility {unknown}
 J - 4 potions of lignification {unknown}
 N - 6 potions of haste {unknown}
 R - 6 potions of degeneration {unknown}
 U - 10 potions of ambrosia
 V - 3 potions of brilliance {unknown}
 Y - 4 potions of enlightenment {unknown}
Miscellaneous
 d - a phial of floods


   Skills:
 + Level 17.0 Fighting
 - Level 7.1 Armour
 * Level 15.1 Dodging
 - Level 1.7 Stealth
 + Level 19.1 Shields
 - Level 14.2 Spellcasting
 - Level 19.4 Summonings


You had 20 spell levels left.
You knew the following spells:

 Your Spells              Type           Power      Damage    Failure   Level
a - Summon Hydra          Summ           44%        N/A       19%         7
b - Call Canine Familiar  Summ           88%        N/A       1%          3
c - Call Imp              Summ           100%       N/A       1%          2
d - Summon Lightning Spi  Summ/Air       62%        N/A       12%         4
e - Summon Cactus Giant   Summ           44%        N/A       3%          6
f - Martyr's Knell        Necr/Summ      62%        N/A       12%         4

Your spell library contained the following spells:

 Spells                   Type           Power      Damage    Failure   Level
 Summon Small Mammal      Summ           100%       N/A       1%          1
 Summon Ice Beast         Ice/Summ       62%        N/A       3%          3
 Animate Armour           Summ/Erth      100%       N/A       12%         4
 Summon Blazeheart Golem  Fire/Summ      62%        N/A       12%         4
 Summon Mana Viper        Hex/Summ       62%        N/A       32%         5
 Kiss of Death            Conj/Necr      72%        2d10      54%         1
 Magic Dart               Conj           72%        1d6       54%         1
 Slow                     Hex            72%        N/A       54%         1
 Sting                    Conj/Alch      72%        1d7       54%         1
 Blink                    Tloc           36%        N/A       67%         2
 Ensorcelled Hibernation  Hex/Ice        36%        N/A       67%         2
 Mercury Vapours          Alch/Air       36%        N/A       67%         2
 Confusing Touch          Hex            18%        N/A       88%         3
 Fugue of the Fallen      Necr           18%        N/A       88%         3
 Gell's Gravitas          Tloc           18%        N/A       88%         3
 Hailstorm                Conj/Ice       18%        3d7       88%         3
 Ozocubu's Armour         Ice            18%        N/A       88%         3
 Sigil of Binding         Hex            18%        N/A       88%         3
 Teleport Other           Tloc           18%        N/A       88%         3
 Tukima's Dance           Hex            18%        N/A       88%         3
 Vampiric Draining        Necr           18%        2d7       88%         3
 Anguish                  Hex/Necr       9%         N/A       99%         4
 Dimensional Bullseye     Hex/Tloc       9%         N/A       99%         4
 Dispel Undead            Necr           18%        3d11      99%         4
 Iskenderun's Mystic Bla  Conj/Tloc      18%        2d6       99%         4
 Manifold Assault         Tloc           18%        N/A       99%         4
 Olgreb's Toxic Radiance  Alch           18%        N/A       99%         4
 Passage of Golubria      Tloc           18%        N/A       99%         4
 Iskenderun's Battlesphe  Conj           18%        2d7       100%        5
 Lee's Rapid Deconstruct  Erth           9%         3d7*      100%        5
 Silence                  Hex/Air        9%         N/A       100%        5
 Bombard                  Conj/Erth      9%         9d2       100%        6
 Dispersal                Tloc           9%         N/A       100%        6
 Sculpt Simulacrum        Ice/Alch       9%         N/A       100%        6
 Haunt                    Necr/Summ      31%        N/A       100%        7
 Malign Gateway           Summ/Tloc      31%        N/A       100%        7
 Ozocubu's Refrigeration  Ice            9%         4d9       100%        7
 Spellforged Servitor     Conj/Summ      31%        N/A       100%        7
 Disjunction              Tloc           9%         N/A       100%        8
 Lehudib's Crystal Spear  Conj/Erth      9%         10d4      100%        8
 Maxwell's Capacitive Co  Air            9%         ∞         100%        8
 Polar Vortex             Ice            9%         12d1*     100%        9


Dungeon Overview and Level Annotations

Branches:
Dungeon (15/15)            Temple (0/1) D:6            Lair (5/5) D:11
  Swamp (4/4) Lair:3       Spider (4/4) Lair:3        Slime (0/5) Lair:5
    Orc (2/2) D:9             Elf (0/3) Orc:2        Vaults (0/5) D:14
 Depths (0/4) D:15          Sewer (visited)         Ossuary (visited)
 Bailey (visited)         Gauntlet (visited)

Altars:
Ashenzari
Cheibriados
Elyvilon
Hepliaklqana
Okawaru
Ru
Sif Muna
Uskayaw
Zin
Jiyva

Shops:
D:3 !(*!   D:6 *   D:7 **   D:10 (   Orc:2 !:*[(

Portals:
Trove: D:11 (give +4 shadow dragon scales)


Innate Abilities, Weirdness & Mutations

Your life essence is reduced to manifest your ancestor. (-10% HP)
You are amphibious.
You cover ground slowly.
You can hop long distances.
You have an extended range of vision and can be seen from far away.


Message History

Unknown command.
You barely miss something.
You feel you are being watched by something.
You feel your power leaking away. Something hits you but does no damage.
Something hits you! Something stings you.
Something hits you but does no damage. x2
Something stings you!
* * * LOW HITPOINT WARNING * * *
Jaydra hits something with a +0 broad axe of flaming!
Jaydra burns something.
Unknown command.
You feel you are being watched by something.
You feel your power leaking away. You block something's attack.
Something hits you but does no damage. Something stings you!
* * * LOW HITPOINT WARNING * * *
Something hits you.
* * * LOW HITPOINT WARNING * * *
You feel dopey. Something hits you but does no damage. Something stings you.
* * * LOW HITPOINT WARNING * * *
You feel you are being watched by something.
You feel your power leaking away. Something hits you but does no damage.
You block something's attack.
Something stings you but does no damage.
Jaydra hits something but does no damage.
Unknown command.
Something hits you but does no damage. You block something's attack.
Something stings you!
* * * LOW HITPOINT WARNING * * *
You feel clumsy.
You feel you are being watched by something.
Something hits you!
* * * LOW HITPOINT WARNING * * *
Something hits you but does no damage. Something stings you.
* * * LOW HITPOINT WARNING * * *
You feel clumsy.
As you read the scroll of fear, it crumbles to dust.
You assume a fearsome visage.
Nothing appears to happen.
Something hits you!
You die...

.^#....##...####.##
....##.#.#...##..^##
..##..#.#..#...[##.#
.#.^....R#...#.#>..#
#..##...#####......##
...#..#...)###...#..#
..#...#...>.....#R.##
..###..###.#.#.#{.#.#
#^.......#...#..@...#
...###..##..#.#.#..##
.#..#^.##.^###....##
##...#.#......##..#
###...##..#.#.#.^.##
##.##..#^.#..##.#..##
#.....#..#h^....#...#
..)^..##^#..##.#..####
.######.##...#.......#


You could see the friendly Jaydra the knight (reflecting).

Vanquished Creatures
  Kirke (Lair:4)
  A broodmother (Spider:3)
  A bunyip (Swamp:4)
  2 eleionomae (Swamp:2)
  A spectral fenstrider witch (Swamp:3)
  3 alligators
  A ghost crab (Swamp:4)
  A radroach (Spider:3)
  A boulder beetle (Spider:3)
  2 centaur warriors (D:15)
  2 two-headed ogres (D:15)
  2 demonic crawlers
  A wretched star (Swamp:2)
  A spectral spriggan (Swamp:3)
  An orb spider (Spider:2)
  A steelbarb worm (Spider:3)
  An ugly thing (D:14)
  2 wolf spiders
  2 manticores
  2 moths of wrath (Spider:3)
  A cyclops (D:13)
  5 nameless horrors
  An elephant (Lair:2)
  2 torpor snails
  A rime drake (Lair:1)
  3 komodo dragons (Lair:2)
  A freezing wraith (Swamp:4)
  A troll (D:11)
  A spectral death drake (Swamp:3)
  A tyrant leech (Swamp:4)
  A polar bear (Lair:2)
  2 hornets
  A dream sheep (Lair:5)
  3 tarantellas
  3 blink frogs
  7 jumping spiders
  3 culicivoras
  A slime creature (D:12)
  5 spriggans
  15 yaks
  A wyvern (D:11)
  A shadow (D:12)
  A basilisk (Lair:3)
  11 redbacks
  A vampire mosquito (Swamp:2)
  A swamp worm simulacrum (Swamp:4)
  A chaos spawn (Abyss:3)
  7 swamp worms
  An acid dragon (D:12)
  A hydra simulacrum (Swamp:4)
  2 water moccasins
  A black bear (Lair:5)
  An ice beast (D:7)
  A laughing skull (D:14)
  2 orc warriors
  A small abomination (Abyss:3)
  5 wolves
  3 ogres
  A centaur (D:9)
  8 bullfrogs
  3 killer bees
  A howler monkey (D:10)
  A centaur zombie (Ossuary)
  A hound (D:5)
  3 orc priests (Orc:2)
  An iguana (D:7)
  2 orc wizards
  5 hell rats
  A hound zombie (Ossuary)
  A mummy (Ossuary)
  A gnoll (D:3)
  2 adders
  2 river rats
  A white imp (Gauntlet)
  2 adder zombies (Ossuary)
  3 dart slugs
  2 ribbon worms (D:4)
  14 orcs
  4 endoplasms
  A giant cockroach (D:2)
  4 hobgoblins
  4 jackals
  13 kobolds
  A quokka (D:3)
  4 ball pythons
  A bat (D:2)
  4 frilled lizards
  2 orc zombies (Ossuary)
  6 rats
228 creatures vanquished.

Vanquished Creatures (collateral kills)
  Arachne (Spider:2)
  A lich (Abyss:3)
  A quicksilver dragon (Abyss:3)
  2 thorn hunters (Swamp:2)
  An emperor scorpion (Spider:2)
  The ghost of kthxbai the Grappler, an adept VSFi of Gozag (Swamp:3)
  Louise (Swamp:2)
  2 ghost moths
  2 ghouls (Swamp:3)
  2 orc warlords (Orc:2)
  8 bunyips
  3 eleionomae
  3 spark wasps
  A minotaur (Gauntlet)
  A green death (Abyss:3)
  2 entropy weavers
  2 shambling mangroves (Swamp:3)
  2 spectral fenstrider witches (Swamp:3)
  2 rakshasas (Abyss:3)
  A jorogumo (Spider:3)
  A vault guard (D:14)
  10 hydras
  A great orb of eyes (Abyss:3)
  2 ogre magi (D:15)
  Erica (D:9)
  8 alligators
  2 radroaches (Spider:2)
  4 ice dragons (Swamp:4)
  4 boulder beetles
  A death knight (D:14)
  A ghost crab (Swamp:2)
  8 centaur warriors
  A dancing weapon (D:14)
  8 demonic crawlers
  A tengu warrior (D:15)
  12 two-headed ogres
  3 orc high priests (Orc:2)
  A spriggan berserker (Swamp:2)
  A deep troll earth mage (D:15)
  Nergalle (Lair:3)
  A fire crab (shapeshifter) (D:15)
  Amaemon (D:10)
  A sixfirhy (Gauntlet)
  5 goliath frogs
  5 pharaoh ants
  2 swamp dragons
  A flayed ghost (D:15)
  3 spriggan druids
  3 bog bodies
  4 orb spiders
  4 orc knights (Orc:2)
  19 ugly things
  A necromancer (D:9)
  A steelbarb worm (Spider:3)
  Pikel (D:6)
  3 deep elf pyromancers
  10 wolf spiders
  8 orc sorcerers
  A worldbinder (Abyss:3)
  4 spectral spriggans (Swamp:3)
  2 manticores (D:14)
  3 will-o-the-wisps
  3 moths of wrath (Spider:3)
  A meliai (Lair:3)
  5 cyclopes
  4 slime creatures
  A kobold blastminer (Orc:1)
  A smoke demon (Abyss:3)
  13 elephants
  2 large abominations (Abyss:3)
  13 cane toads
  4 black mambas
  4 torpor snails
  A gargoyle (D:11)
  2 cane toads (shapeshifter)
  Maggie (D:8)
  8 rime drakes
  14 komodo dragons
  An orange demon (D:10)
  8 nameless horrors
  Jeremiah (D:7)
  3 freezing wraiths (Swamp:4)
  An efreet (Abyss:3)
  A yaktaur (D:15)
  An ice devil (Gauntlet)
  3 tengu conjurers
  4 trolls
  2 queen bees
  A hellwing (Abyss:3)
  A troll (shapeshifter) (D:14)
  4 polar bears
  A bloated husk (Swamp:1)
  13 tarantellas
  4 tyrant leeches
  15 hornets
  23 blink frogs
  4 raiju (Abyss:3)
  6 dream sheep
  Sigmund (D:3)
  17 jumping spiders
  A ynoxinul (Gauntlet)
  19 spriggans
  11 culicivoras
  4 small abominations (Abyss:3)
  45 yaks
  10 wyverns
  A hog (shapeshifter) (D:13)
  7 starcursed masses (Abyss:3)
  A vampire (D:14)
  3 hogs (Lair:4)
  4 wraiths
  12 basilisks
  4 swamp worm simulacra (Swamp:4)
  2 wargs (Orc:2)
  2 neqoxecs (Abyss:3)
  34 redbacks
  3 steam dragons
  11 vampire mosquitoes
  An acid dragon (D:11)
  11 swamp worms
  16 water moccasins
  Duvessa (D:7)
  12 hydra simulacra (Swamp:4)
  A hell hound (Lair:4)
  A spriggan simulacrum (Swamp:3)
  An ice beast (D:5)
  A laughing skull (D:14)
  44 orc warriors
  A sky beast (D:6)
  A crocodile (Sewer)
  4 black bears
  9 ogres
  3 boggarts (Lair:5)
  6 centaurs
  20 wolves
  4 elf zombies (Ossuary)
  7 kobold brigands
  A brain worm (Abyss:3)
  2 gnoll sergeants
  A scorpion (Lair:2)
  6 bullfrogs
  2 necrophages (Swamp:3)
  2 wights (Abyss:3)
  Dowan (D:7)
  34 killer bees
  5 electric eels (Bailey)
  2 centaur zombies (Ossuary)
  3 hounds
  13 orc priests
  Crazy Yiuf (D:5)
  A gnoll bouda (D:8)
  4 iron imps
  4 iguanas
  27 orc wizards
  3 yak simulacra (D:9)
  9 hell rats
  2 polar bear simulacra (D:9)
  3 wolf simulacra (D:9)
  6 hound zombies (Ossuary)
  Robin (D:2)
  A mummy (Ossuary)
  24 gnolls
  6 adders
  4 river rats
  2 shadow imps
  7 white imps
  3 swamp drake simulacra (Swamp:4)
  5 ufetubi
  3 adder zombies (Ossuary)
  A dart slug (D:4)
  A ribbon worm (D:3)
  72 orcs
  3 ball pythons
  A bat (D:8)
  2 endoplasms
  4 gnoll zombies (Ossuary)
  13 goblins
  14 hobgoblins
  5 jackals
  3 quokkas
  A frilled lizard (D:3)
  3 jackal zombies (Ossuary)
  35 kobolds
  3 kobold zombies (Ossuary)
  5 orc zombies (Ossuary)
  6 rats
  3 river rat simulacra (D:9)
1066 creatures vanquished.

Vanquished Creatures (others)
  An ogre mage (D:15)
  A bloated husk (Swamp:3)
  A jumping spider (Spider:2)
  A culicivora (Spider:2)
  An orc warrior (Orc:2)
  A wight (Abyss:3)
  30 knights
  An orc wizard (D:11)
  9 ancestors
  A goblin (Bailey)
  14 foxfires
61 creatures vanquished.

Grand Total: 1355 creatures vanquished

Notes
Turn   | Place    | Note
-------+----------+-------------------------------------------
     0 | D:1      | ChadusMaximus the Barachi Summoner began the quest for the
                  | Orb.
     0 | D:1      | Reached XP level 1. HP: 13/13 MP: 3/3
    96 | D:1      | Reached skill level 5 in Summonings
   123 | D:1      | Reached XP level 2. HP: 13/19 MP: 3/5
   539 | D:1      | You fall into a shaft and drop 1 floor!
   737 | D:1      | Found a faded altar of an unknown god.
  1017 | D:1      | Reached XP level 3. HP: 24/24 MP: 7/7
  1218 | D:1      | Learned a level 3 spell: Call Canine Familiar
  1221 | D:1      | Learned a level 2 spell: Call Imp
  1479 | D:2      | Noticed Robin
  1494 | D:2      | Reached XP level 4. HP: 27/30 MP: 1/8
  1509 | D:2      | Killed Robin
  2120 | D:3      | Found Xeymisky's Distillery.
  2334 | D:3      | Reached XP level 5. HP: 21/35 MP: 4/10
  2583 | D:3      | Bought 2 potions of curing for 66 gold pieces
  2618 | D:3      | Noticed Sigmund
  2644 | D:3      | Killed Sigmund
  2645 | D:3      | Reached XP level 6. HP: 19/41 MP: 3/12
  2740 | D:3      | Found Hephoago's Assorted Antiques.
  2786 | D:3      | Found Waogoug's Antique Weapon Boutique.
  2894 | D:3      | Found an iron altar of Okawaru.
  2913 | D:3      | Found a hazy altar of Hepliaklqana.
  2920 | D:3      | Became a worshipper of Hepliaklqana the Forgotten
  3102 | D:3      | Found Ytheykh's Distillery.
  3423 | D:4      | Identified the +3 ring mail of Limited Liability {rN+
                  | Regen+}
  3520 | D:4      | Reached XP level 7. HP: 42/46 MP: 9/13
  3744 | D:4      | Reached * piety under Hepliaklqana
  3833 | D:4      | Found a glowing drain.
  3851 | Sewer    | Entered a sewer
  3958 | Sewer    | Reached skill level 5 in Spellcasting
  4593 | D:5      | Entered Level 5 of the Dungeon
  4710 | D:5      | Reached XP level 8. HP: 43/46 MP: 3/16
  4872 | D:5      | Reached skill level 10 in Summonings
  5369 | D:5      | Found a runed translucent door.
  5370 | D:5      | Noticed Crazy Yiuf
  5389 | D:5      | Killed Crazy Yiuf
  5578 | D:3      | Bought a fine robe for 153 gold pieces
  5578 | D:3      | Identified the +1 robe of Foolhardiness {rPois} (You bought
                  | it in a shop on level 3 of the Dungeon)
  5722 | D:6      | Found Yghemuu's Assorted Antiques.
  5893 | D:6      | Noticed Pikel
  5976 | D:5      | Learned a level 4 spell: Summon Lightning Spire
  6346 | D:6      | Reached XP level 9. HP: 51/51 MP: 17/19
  6429 | D:6      | Killed Pikel
  6619 | D:6      | Found a staircase to the Ecumenical Temple.
  6649 | D:7      | Noticed Jeremiah
  6649 | D:7      | Reached ** piety under Hepliaklqana
  6654 | D:7      | Killed Jeremiah
  6665 | D:7      | Found Zin's Purification Station.
  6670 | D:7      | Found a glowing silver altar of Zin.
  6762 | D:7      | Found a sand-covered staircase.
  6770 | Ossuary  | Entered an ossuary
  7088 | Ossuary  | Remembered your ancestor Jaydra as a knight
  7487 | D:7      | Noticed Duvessa
  7488 | D:7      | Noticed Dowan
  7504 | D:7      | Killed Duvessa
  7507 | D:7      | Killed Dowan
  7508 | D:7      | Reached XP level 10. HP: 56/56 MP: 22/22
  7993 | D:7      | Found Ryevetie's Serpentskin Sales.
  8470 | D:8      | Identified a scroll of acquirement
  8474 | D:8      | Acquired 915 gold pieces
  8519 | D:8      | Noticed a +4 hand axe
  8520 | D:8      | Noticed a +0 dagger
  8522 | D:8      | Found a hide-covered altar of Uskayaw.
  8528 | D:8      | Found a flagged portal.
  8536 | D:8      | Reached skill level 1 in Fighting
  8542 | Bailey   | Entered a bailey
  8542 | Bailey   | Reached *** piety under Hepliaklqana
  8554 | Bailey   | Reached skill level 1 in Armour
  8984 | Bailey   | Reached skill level 5 in Fighting
  9377 | Bailey   | Found an iron altar of Okawaru.
  9377 | Bailey   | Noticed an orc sorcerer
  9377 | Bailey   | Noticed an orc sorcerer
  9383 | Bailey   | Noticed a soul eater
  9396 | Bailey   | Killed an orc sorcerer
  9408 | Bailey   | Killed an orc sorcerer
  9448 | Bailey   | Identified the +3 scale mail of Forking Paths {Int+4 Dex+5}
  9450 | Bailey   | Identified the +4 cloak "Buud" {rC+ Regen+ rCorr}
  9485 | Bailey   | Got the Secrets of Cloudy Movement
  9558 | Bailey   | Reached skill level 5 in Armour
  9558 | Bailey   | Reached XP level 11. HP: 73/75 MP: 21/23
  9749 | D:8      | Noticed Maggie
  9797 | D:8      | Acquired ChadusMaximus's Grimoire of Necromantic Liturgies
                  | and the Band
  9810 | D:8      | Learned a level 6 spell: Summon Cactus Giant
  9815 | D:8      | Learned a level 4 spell: Martyr's Knell
  9856 | D:8      | Found a shimmering blue altar of Sif Muna.
  9868 | D:8      | Found a snail-covered altar of Cheibriados.
  9899 | D:8      | Found a sacrificial altar of Ru.
  9940 | D:8      | Killed Maggie
 10517 | D:9      | Noticed a two-headed ogre
 10524 | D:9      | Killed a two-headed ogre
 10554 | D:9      | Noticed Erica
 10561 | D:9      | Killed Erica
 10597 | D:9      | Noticed a two-headed ogre
 10609 | D:9      | Killed a two-headed ogre
 10650 | D:9      | Reached skill level 10 in Fighting
 10764 | D:9      | Found a staircase to the Orcish Mines.
 10870 | D:9      | Reached **** piety under Hepliaklqana
 10907 | D:9      | Noticed a nameless horror
 10913 | D:9      | Killed a nameless horror
 11014 | D:9      | Noticed a necromancer
 11022 | D:9      | Killed a necromancer
 11023 | D:9      | Reached skill level 1 in Shields
 11288 | D:10     | Entered Level 10 of the Dungeon
 11340 | D:10     | Got Asmodeus's Folio of Accompaniment
 11407 | D:10     | Noticed a two-headed ogre
 11417 | D:10     | Killed a two-headed ogre
 11420 | D:10     | Reached XP level 12. HP: 76/90 MP: 11/24
 11486 | D:10     | Identified the +5 trident of Callousness {freeze, +Blink
                  | Fly Will++ Str-3}
 11539 | D:10     | Found Onoxkuk's Weapon Emporium.
 11789 | D:10     | Noticed Amaemon
 11799 | D:10     | Killed Amaemon
 12170 | D:11     | Reached skill level 5 in Dodging
 12188 | D:11     | Reached ***** piety under Hepliaklqana
 12335 | D:11     | Found a staircase to the Lair.
 12336 | D:11     | Noticed a two-headed ogre
 12349 | D:11     | Killed a two-headed ogre
 12410 | D:11     | Noticed a two-headed ogre
 12417 | D:11     | Killed a two-headed ogre
 12418 | D:11     | Reached skill level 5 in Shields
 12481 | D:11     | Found a portal to a secret trove of treasure.
 12939 | Orc:1    | Entered Level 1 of the Orcish Mines
 13034 | Orc:2    | Entered Level 2 of the Orcish Mines
 13291 | Orc:2    | Noticed an orc warlord
 13294 | Orc:2    | Noticed a soul eater
 13346 | Orc:2    | Killed an orc warlord
 13576 | Orc:2    | Found a staircase to the Elven Halls.
 13703 | Orc:2    | Found Pyf Cej's Distillery.
 13752 | Orc:2    | Noticed an orc high priest
 13756 | Orc:2    | Noticed an orc high priest
 13770 | Orc:2    | Noticed a sun demon
 13786 | Orc:2    | Noticed a sun demon
 13800 | Orc:2    | Gained mutation: You can hop long distances. [Barachi
                  | growth]
 13800 | Orc:2    | Reached XP level 13. HP: 100/100 MP: 10/25
 14178 | Orc:2    | Noticed an orc warlord
 14186 | Orc:2    | Reached skill level 10 in Shields
 14195 | Orc:2    | Killed an orc warlord
 14405 | Orc:2    | Found Imnek's General Store.
 14406 | Orc:2    | Found Qeddext's Book Emporium.
 14409 | Orc:2    | Found Qyif's Antique Armour Emporium.
 14409 | Orc:2    | Found Haplaife's Antique Weapon Shoppe.
 15121 | Lair:1   | Entered Level 1 of the Lair of Beasts
 16019 | Lair:1   | Reached XP level 14. HP: 98/107 MP: 21/26
 16942 | Lair:2   | Reached skill level 15 in Shields
 17092 | Lair:2   | Reached ****** piety under Hepliaklqana
 17293 | Lair:2   | You fall into a shaft and drop 2 floors!
 17455 | Lair:4   | Noticed Kirke
 17494 | Lair:4   | Killed Kirke
 17702 | Lair:3   | Found a hole to the Spider Nest.
 19155 | Lair:5   | Entered Level 5 of the Lair of Beasts
 19224 | Lair:5   | Found a viscous altar of Jiyva.
 19224 | Lair:5   | Found a staircase to the Slime Pits.
 19256 | Lair:5   | Reached skill level 15 in Summonings
 19257 | Lair:5   | Found a gate leading to a gauntlet.
 19270 | Gauntlet | Entered a Gauntlet
 19270 | Gauntlet | Found a transporter.
 19270 | Gauntlet | Found a transporter.
 19282 | Gauntlet | Found a transporter.
 19282 | Gauntlet | Found a transporter.
 19284 | Gauntlet | Found a transporter.
 19297 | Gauntlet | Found a transporter.
 19298 | Gauntlet | Found a transporter.
 19312 | Gauntlet | Found a transporter.
 19313 | Gauntlet | Found a transporter.
 19388 | Gauntlet | Found a transporter.
 19403 | Gauntlet | Found a transporter.
 19413 | Gauntlet | Found a transporter.
 19815 | Gauntlet | Identified the +8 scimitar of Valuable Assets {freeze,
                  | ^Fragile Dex+5 Stlth+}
 20169 | Lair:5   | Learned a level 7 spell: Summon Hydra
 20308 | Lair:5   | Reached XP level 15. HP: 74/112 MP: 5/28
 20601 | Lair:5   | Reached skill level 10 in Spellcasting
 22105 | Lair:3   | Found a staircase to the Swamp.
 22163 | Lair:3   | Noticed Nergalle
 22185 | Lair:3   | Killed Nergalle
 24799 | D:14     | Reached XP level 16. HP: 104/118 MP: 20/32
 24847 | D:14     | Found a gate to the Vaults.
 25229 | D:14     | Found a white marble altar of Elyvilon.
 25736 | D:15     | Entered Level 15 of the Dungeon
 25876 | D:15     | Identified the ring "Leetraoh" {+Blink rF+ SInv}
 25879 | D:15     | Got the Catalogue of the Chilling Jinx
 26073 | D:15     | Identified the +10 chain mail "Yceyle" {Harm *Slow Fly
                  | rPois}
 26081 | D:15     | Identified the +0 cloak "Ciotatur" {Will+}
 26130 | D:15     | Found a staircase to the Depths.
 26743 | D:7      | Bought a +2 tower shield of poison resistance for 259 gold
                  | pieces
 26914 | Swamp:1  | Entered Level 1 of the Swamp
 27241 | Swamp:1  | Identified the ring of Curiosity {Will+ Int+2 Dex+2}
 27746 | Swamp:2  | Reached XP level 17. HP: 125/125 MP: 17/35
 27955 | Swamp:2  | Noticed Louise
 27987 | Abyss:2  | Cast into level 2 of the Abyss (Louise)
 28017 | Abyss:2  | Found a corrupted altar of Lugonu.
 28054 | Abyss:2  | Found a corrupted altar of Lugonu.
 28087 | Abyss:3  | Found a corrupted altar of Lugonu.
 28218 | Abyss:3  | Noticed a quicksilver dragon
 28239 | Abyss:3  | Killed a quicksilver dragon
 28412 | Abyss:3  | Noticed a lich
 28431 | Abyss:3  | Killed a lich
 28446 | Swamp:2  | Escaped the Abyss
 28476 | Swamp:2  | Killed Louise
 28477 | Swamp:2  | Reached skill level 10 in Dodging
 29115 | Swamp:3  | Reached skill level 15 in Fighting
 29324 | Swamp:3  | Found a runed translucent gate.
 29328 | Swamp:3  | Found a runed translucent gate.
 29329 | Swamp:3  | Found a runed translucent gate.
 29334 | Swamp:3  | Noticed kthxbai's ghost (adept VSFi)
 29383 | Swamp:3  | Found a broken altar of Ashenzari.
 29659 | Swamp:3  | Killed kthxbai's ghost
 29727 | Swamp:4  | Entered Level 4 of the Swamp
 29898 | Swamp:4  | Reached XP level 18. HP: 103/134 MP: 20/36
 30142 | Swamp:4  | Got a decaying rune of Zot
 30193 | Swamp:4  | Identified the +9 trident "Neuduc" {freeze, +Blink SInv}
 30750 | Spider:1 | Entered Level 1 of the Spider Nest
 31015 | Spider:1 | Identified the +1 pair of gloves of the Fife {Int+3}
 31193 | Spider:1 | Identified the +3 dagger of Eruesk {chaos, Str+5}
 31960 | Spider:2 | Noticed Arachne
 31976 | Spider:2 | Killed Arachne
 33397 | Spider:3 | Reached XP level 19. HP: 137/143 MP: 37/37
 33590 | Spider:4 | Entered Level 4 of the Spider Nest
 33599 | Spider:3 | Reached skill level 15 in Dodging
 34521 | Spider:3 | HP: 6/143 [something (9)]
 34522 | Spider:3 | Mangled by a ghost moth

Illustrated notes

Levels and vault maps discovered:
D:1:      matt_arrival_los_fun, layout_basic, basic_ecumenical_altar,
          minmay_indecisive_spiral
D:2:      layout_loops_cross, grunt_decor_arrowhead, uniq_robin
D:3:      layout_basic, jmf_multi_god_temple2, serial_shops,
          nicolae_shop_back_alley_shop, shop, shop, shop, uniq_sigmund
D:4:      layout_basic, lightli_sewer_entry_pipes, st_stairs_2,
          minmay_misc_feat_iff, grunt_decor_junction, minmay_cut_off
D:5:      layout_rooms, uniq_crazy_yiuf_cottage
D:6:      layout_basic, minmay_temple_entry_fiery, serial_shops, shop,
          uniq_pikel
D:7:      layout_basic, zin_purify, nicolae_ossuary_entry_plus,
          corexii_checkpoint, guppyfry_shop_venom, uniq_jeremiah, uniq_duvessa
D:8:      layout_gridville, dancing_weapons_uskayaw,
          nicolae_ru_great_annihilating_truth, amethyst_overflow_temple_binary,
          enter_bailey_2, uniq_maggie
D:9:      layout_small_grid, orc_0_dummy, serial_bayou_pond_d,
          eino_house_with_fridge, uniq_erica
D:10:     layout_cave_pods, serial_shops, nicolae_shop_bloodbath_and_beyond,
          uniq_amaemon
D:11:     layout_long_grid, minmay_lair_entry_grove, enter_trove_3
D:12:     layout_basic
D:13:     layout_irregular_city
D:14:     layout_irregular_city, erik_vaults_1, elyvilon_altar_4
D:15:     hellmonk_depths_entry_around_the_bend, layout_basic, dispersion_dpeg
Lair:1:   layout_loops_ring, special_room [special_room_bee],
          minmay_shattered_shrine, serial_bayou_shore_b
Lair:2:   layout_roguey, pond, lemuel_fruit_tree
Lair:3:   layout_gridlike, swamp_mist, hellmonk_spider_entry_not_the_bees,
          special_room [special_room_mythical_zoo], uniq_nergalle
Lair:4:   layout_layer_cave, grunt_megastairs_2, uniq_kirke
Lair:5:   minmay_lair_end_enchanted_forest, layout_long_grid, slime_entry_1,
          gauntlet_entry_generic, kennysheep_abandoned_house
Swamp:1:  layout_falls_marsh, nicolae_swamp_little_tower
Swamp:2:  layout_basic_swamp, evilmike_swamp_ruin_rubble_2, swamp_pool_1_2,
          nicolae_swamp_no_escape, uniq_louise
Swamp:3:  layout_basic_swamp, gammafunk_ghost_necromancy,
          nicolae_swamp_godswood, swamp_pool_1_2,
          nicolae_swamp_reclaimed_castle, infiniplex_staircase_pool
Swamp:4:  swamp_icy, layout_basic_swamp, infiniplex_staircase_pool_2,
          nicolae_swamp_long_stream
Spider:1: layout_spider_delve, nicolae_spider_webbed_stairs
Spider:2: layout_spider_delve, drop_trap, uniq_arachne
Spider:3: layout_spider_delve, nicolae_spider_bug_shape
Spider:4: spider_rune_water, nicolae_spider_scorpion_nest
Orc:1:    layout_diamond_mine, basic_altar
Orc:2:    st_orc_congregation, layout_caves, serial_shops,
          nicolae_shop_industrial_runoff

Skill      XL: |  1  2  3  4  5  6  7  8  9 10 11 12 13 14 15 16 17 18 19 |
---------------+----------------------------------------------------------+-----
Summonings     | 5 6 7 8 9 11 14 15 17 19 | 19.4
Spellcasting   | 3 4 5 6 8 9 12 14 | 14.2
Fighting       | 7 11 13 14 15 16 17 | 17.0
Armour         | 5 7 |  7.1
Shields        | 3 7 14 16 17 18 19 | 19.1
Dodging        | 4 6 8 12 14 15 | 15.1
Stealth        | |  1.7

Action                     |  1- 3 |  4- 6 |  7- 9 | 10-12 | 13-15 | 16-18 | 19-21 || total
---------------------------+-------+-------+-------+-------+-------+-------+-------++-------
  Melee: Unarmed           |     8 |       |       |       |       |       |       ||     8
         Punch             |     2 |       |     2 |     3 |       |       |       ||     7
         Dagger            |    80 |    47 |       |       |       |       |       ||   127
         Flail             |       |    42 |    98 |       |       |       |       ||   140
         Trident           |       |       |    65 |    27 |       |       |       ||    92
         War axe           |       |       |       |   102 |   485 |       |       ||   587
         Scimitar          |       |       |       |       |    37 |   452 |    19 ||   508
   Cast: Summon Small Mamm |    18 |     8 |    13 |    10 |     5 |       |       ||    54
         Call Imp          |     4 |    10 |    30 |    41 |    27 |    11 |       ||   123
         Call Canine Famil |     3 |     9 |    43 |    42 |    28 |    17 |     3 ||   145
         Summon Lightning  |       |       |    15 |    75 |   110 |    45 |     4 ||   249
         Summon Cactus Gia |       |       |       |    35 |   114 |    78 |     4 ||   231
         Martyr's Knell    |       |       |       |     6 |    13 |    11 |       ||    30
         Summon Hydra      |       |       |       |       |     2 |   153 |     6 ||   161
 Invoke: Recall Ancestor   |       |       |     1 |       |     3 |     3 |       ||     7
         Ancestor Life: Kn |       |       |     1 |       |       |       |       ||     1
         Transference      |       |       |       |     1 |       |       |       ||     1
Ability: Hop               |       |     2 |     3 |     4 |     5 |     5 |     1 ||    20
    Use: Scroll            |       |       |     1 |    13 |     6 |    10 |     2 ||    32
         Potion            |       |       |       |     2 |       |       |     1 ||     3
   Stab: Distracted        |       |     1 |     3 |     1 |     7 |    13 |       ||    25
         Sleeping          |       |     1 |     2 |       |     1 |     4 |       ||     8
         Paralysed         |       |       |       |     2 |       |       |       ||     2
 Armour: Robe              |    52 |    88 |   191 |    18 |       |       |       ||   349
         Ring mail         |       |       |       |   237 |   735 |   496 |   105 ||  1573
  Dodge: Dodged            |    63 |   103 |   180 |   122 |   435 |   331 |    29 ||  1263
  Block: Kite shield       |       |       |       |     4 |   625 |    80 |       ||   709
         Tower shield      |       |       |       |       |       |  1117 |    78 ||  1195
